 Dungeon Crawl Stone Soup version 0.29.1-2-gbd0b4ee654 (webtiles) character file.

Game seed: 18044074317808560886

12054 GorkyZ the Chopper (level 11, -5/84 HPs)
             Began as a Demonspawn Fighter on Nov 22, 2022.
             Was an Initiate of Gozag.
             Slain by a skeletal warrior
             ... wielding a +0 mace
              (20 damage)
             ... on level 10 of the Dungeon.
             The game lasted 00:44:32 (10832 turns).

GorkyZ the Chopper (Demonspawn Fighter)            Turns: 10832, Time: 00:44:32

Health: -5/84      AC: 15    Str: 24    XL:     11   Next: 57%
Magic:  11/11      EV: 17    Int: 10    God:    Gozag
Gold:   1837       SH:  6    Dex: 17    Spells: 10/10 levels left

rFire   + . .      SeeInvis .   K - +3 broad axe (drain)
rCold   . . .      Faith    .   c - +0 buckler
rNeg    . . .      Spirit   .   C - +0 scale mail {Will+}
rPois   .          Reflect  .   (helmet unavailable)
rElec   .          Harm     .   f - +2 cloak
rCorr   .          Rampage  .   g - +0 pair of gloves
Will    +....                   (no boots)
Stlth   ..........              (no amulet)
HPRegen 0.24/turn               i - +4 ring of evasion
MPRegen 0.12/turn               x - +6 ring of dexterity

@: about to teleport, gold aura, invisible
A: horns 3, icy blue scales 2, ignite blood 2, fire resistance 1, screaming 1,
strong 1
a: Renounce Religion, Potion Petition, Call Merchant, Bribe Branch


You were on level 10 of the Dungeon.
You worshipped Gozag.
Gozag was most pleased with you.
You visited 2 branches of the dungeon, and saw 11 of its levels.

You collected 2154 gold pieces.
You paid 317 gold pieces to Gozag.

Inventory:

Hand Weapons
 a - a +0 war axe
 v - a +3 hand axe of venom
 G - the +7 quarterstaff of Tenacity {spect, Drain rN++ Str+6}
   (You found it on level 8 of the Dungeon)

   When its wielder attacks, the weapon's spirit leaps out and strikes again.
   The spirit shares a part of any damage it takes with its wielder.
   Str:       It affects your strength (+6).
   rN:        It greatly protects you from negative energy.
   Drain:     It drains your maximum health when unequipped.
 K - a +3 broad axe of draining (weapon)
Missiles
 j - 10 boomerangs
 l - 10 poisoned darts (quivered)
 o - a silver boomerang
 s - 6 atropa-tipped darts
 F - 5 boomerangs of dispersal
 N - a curare-tipped dart
Armour
 b - a +0 scale mail
 c - a +0 buckler (worn)
 f - a +2 cloak (worn)
 g - a +0 pair of gloves (worn)
 r - a +3 scale mail of poison resistance
 u - the +3 leather armour "Zygyr" {Rampage Str+7 Int+3}
   (You found it on level 2 of the Dungeon)

   Str:       It affects your strength (+7).
   Int:       It affects your intelligence (+3).
   Rampage:   It bestows one free step when moving towards enemies.
 C - a +0 scale mail of willpower (worn)
 E - a +0 troll leather armour
Jewellery
 i - a +4 ring of evasion (left hand)
 x - a +6 ring of dexterity (right hand)
Wands
 p - a wand of quicksilver (9)
 t - a wand of mindburst (8)
 y - a wand of paralysis (7)
 z - a wand of iceblast (14)
Scrolls
 k - 3 scrolls of teleportation
 m - 2 scrolls of identify
 A - a scroll of enchant armour
 D - a scroll of fear
 H - a scroll of amnesia
 M - a scroll of acquirement {unknown}
Potions
 d - 5 potions of might
 e - a potion of brilliance
 n - 2 potions of berserk rage
 q - a potion of curing
 w - 2 potions of mutation
 B - 4 potions of flight
 I - 2 potions of lignification {unknown}
 J - 2 potions of degeneration {unknown}
 L - 3 potions of attraction {unknown}


   Skills:
 + Level 7.6 Fighting
 * Level 7.7 Axes
 + Level 6.1 Throwing
 + Level 6.9 Armour
 + Level 6.1 Dodging
 + Level 6.8 Shields
 + Level 6.7 Evocations


You had 10 spell levels left.
You didn't know any spells.
Your spell library contained the following spells:

 Spells                   Type           Power      Damage    Failure   Level
 Apportation              Tloc           0%         N/A       71%         1
 Necrotise                Necr           0%         1d4       71%         1
 Summon Small Mammal      Summ           0%         N/A       71%         1
 Scorch                   Fire           0%         2d5       85%         2
 Conjure Flame            Conj/Fire      0%         6-21      97%         3
 Dazzling Flash           Conj/Hex       0%         N/A       97%         3
 Gell's Gravitas          Tloc           0%         N/A       97%         3
 Ignite Poison            Fire/Tmut/Pois 0%         N/A       97%         3
 Lesser Beckoning         Tloc           0%         N/A       97%         3
 Portal Projectile        Hex/Tloc       0%         N/A       97%         3
 Summon Guardian Golem    Hex/Summ       0%         N/A       97%         3
 Teleport Other           Tloc           0%         N/A       97%         3
 Tukima's Dance           Hex            0%         N/A       97%         3
 Iskenderun's Mystic Bla  Conj/Tloc      0%         2d3       100%        4
 Sticky Flame             Conj/Fire      0%         2d3       100%        4
 Blade Hands              Tmut           0%         N/A       100%        5
 Dispersal                Tloc           0%         N/A       100%        6
 Starburst                Conj/Fire      0%         6d3       100%        6
 Orb of Destruction       Conj           0%         9d5       100%        7
 Spellforged Servitor     Conj/Summ      0%         N/A       100%        7
 Borgnjor's Revivificati  Necr           0%         N/A       100%        8
 Necromutation            Tmut/Necr      0%         N/A       100%        8
 Death's Door             Necr           0%         N/A       100%        9


Dungeon Overview and Level Annotations

Branches:
Dungeon (10/15)            Temple (1/1) D:7            Lair (0/5) D:10
    Orc (0/2) D:9

Altars:
Ashenzari
Dithmenos
Fedhas
Gozag
Hepliaklqana
Kikubaaqudgha
Makhleb
Nemelex Xobeh
Qazlal
Ru
Sif Muna
Trog
Xom
Yredelemnul

Annotations:
D:7 3 runed translucent doors, GorkyZ's ghost, novice DsFi


Innate Abilities, Weirdness & Mutations

You have a pair of large horns on your head.
You are mostly covered in icy blue scales. (AC +3)
Your demonic aura often causes spilled blood to erupt in flames.
Your flesh is heat resistant. (rF+)
You occasionally shout uncontrollably at your foes.
Your muscles are strong. (Str +4, Int/Dex -1)


Message History

The volley of spikes misses the fire dragon.
The volley of spikes misses you.
The skeletal warrior hits you with a +0 mace!
The skeletal warrior is engulfed in blazing flames.
The skeletal warrior hits you with a +0 mace.
The skeletal warrior is engulfed in blazing flames.
You block the skeletal warrior's attack.
The barbs in your skin will harm you if you move.
Continue? [Y]es or [N]o only, please.
The barbs in your skin will harm you if you move.
Continue?
Okay, then.
You feel better.
The skeletal warrior is engulfed in blazing flames.
The skeletal warrior hits you with a +0 mace!
You closely miss the skeletal warrior. You headbutt the skeletal warrior.
The skeletal warrior is moderately damaged.
You slash the manticore! You drain the manticore.
The manticore is engulfed in blazing flames.
You kill the manticore!
The skeletal warrior is engulfed in blazing flames.
The skeletal warrior closely misses you.
You slash the skeletal warrior!
You headbutt the skeletal warrior, but do no damage.
The skeletal warrior is heavily damaged.
You barely miss the fire dragon.
The skeletal warrior is engulfed in blazing flames.
The skeletal warrior hits you with a +0 mace!
* * * LOW HITPOINT WARNING * * *
The fire dragon is engulfed in blazing flames.
The fire dragon bites you.
* * * LOW HITPOINT WARNING * * *
The fire dragon claws you.
* * * LOW HITPOINT WARNING * * *
The fire dragon tramples you but does no damage.
As you read the scroll of teleportation, it crumbles to dust.
You feel strangely unstable.
You carefully extract the barbed spikes from your body.
The skeletal warrior hits you with a +0 mace!!
You die...
Your body crumbles into a pile of gold.

#......####.###..## ..
.................## ...
...........###....# #'#
#........# ##...# .#.#
#....#...## #.... #.#.#
#.........###.... #.
..##.........#......
#.###z#.....###.....#..
#.#..)#@.....###.....#..
#..###D#................
#z##..))#................
##.....)#................
#....(.(.#......#.........
####(#####......##.######.
$ .(. #......##.# #. .##
#......##.# #. $ . $$$
#.........# ##.


You could see a fire dragon (unable to see you) and a skeletal warrior (unable
to see you).

Vanquished Creatures
  Gastronok (D:9)
  A two-headed ogre (D:9)
  Pikel (D:6)
  An ugly thing (D:10)
  A manticore (D:10)
  A gargoyle (D:10)
  A komodo dragon (D:10)
  2 trolls
  A slime creature (D:10)
  Sigmund (D:5)
  7 yaks
  A vampire (D:10)
  2 shadows (D:9)
  2 wraiths
  Menkaure (D:5)
  5 steam dragons
  A two-headed ogre zombie (D:9)
  2 acid dragons
  A hornet zombie (D:7)
  4 orc warriors
  A centaur (D:10)
  2 ogres
  A phantom (D:6)
  2 lemures (D:6)
  3 kobold brigands
  4 bullfrogs
  6 scorpions
  5 necrophages
  2 gnoll sergeants
  A water moccasin zombie (D:7)
  6 wights
  13 killer bees (D:9)
  A troll zombie (D:9)
  6 howler monkeys
  A crimson imp (D:4)
  5 hounds
  A human zombie (D:7)
  4 jellies
  A gnoll bouda (D:8)
  4 orc priests
  Ijyb (D:3)
  Terence (D:2)
  12 orc wizards
  5 iguanas
  A killer bee zombie (D:7)
  6 ogre zombies (D:9)
  3 mummies
  A howler monkey zombie (D:7)
  18 gnolls
  10 adders
  A white imp (D:4)
  An ufetubus (D:5)
  7 worms
  40 orcs
  8 ball pythons
  6 endoplasms
  5 giant cockroaches
  3 goblins
  7 hobgoblins
  11 kobolds
  4 quokkas
  9 bats
  5 frilled lizards
  6 goblin zombies (D:9)
  2 hobgoblin skeletons (D:9)
  5 hobgoblin zombies
  A kobold zombie (D:6)
  3 orc skeletons (D:9)
  12 orc zombies
  8 rats
308 creatures vanquished.

Vanquished Creatures (others)
  Maurice (D:10)
  A bullfrog (D:7)
  A white imp (D:7)
  An orc (D:8)
4 creatures vanquished.

Grand Total: 312 creatures vanquished

Notes
Turn   | Place    | Note
-------+----------+-------------------------------------------
     0 | D:1      | GorkyZ the Demonspawn Fighter began the quest for the Orb.
     0 | D:1      | Reached XP level 1. HP: 18/18 MP: 1/1
   312 | D:1      | Gained mutation: You have a pair of small horns on your
                  | head. [demonic ancestry]
   312 | D:1      | Reached XP level 2. HP: 24/24 MP: 2/2
   733 | D:2      | Reached XP level 3. HP: 29/29 MP: 3/3
   755 | D:2      | Reached skill level 1 in Evocations
   920 | D:2      | Noticed Terence
   932 | D:2      | Killed Terence
   941 | D:2      | Gained mutation: You are partially covered in icy blue
                  | scales. (AC +2) [demonic ancestry]
   941 | D:2      | Reached XP level 4. HP: 32/35 MP: 4/4
  1112 | D:2      | Reached skill level 1 in Throwing
  1257 | D:2      | Identified the +3 leather armour "Zygyr" {Rampage Str+7
                  | Int+3}
  1590 | D:3      | Found a shadowy altar of Dithmenos.
  1638 | D:3      | Found a sparkling altar of Nemelex Xobeh.
  1714 | D:3      | Reached skill level 1 in Dodging
  1880 | D:3      | Noticed Ijyb
  1891 | D:3      | Killed Ijyb
  1892 | D:3      | Reached XP level 5. HP: 14/41 MP: 5/5
  2152 | D:3      | Found a sacrificial altar of Ru.
  2715 | D:4      | Noticed an ogre
  2727 | D:4      | Killed an ogre
  2805 | D:4      | Gained mutation: Your demonic aura sometimes causes spilled
                  | blood to erupt in flames. [demonic ancestry]
  2805 | D:4      | Reached XP level 6. HP: 48/48 MP: 6/6
  3340 | D:5      | Entered Level 5 of the Dungeon
  3501 | D:5      | Noticed Menkaure
  3506 | D:5      | Gained mutation: You have a pair of horns on your head.
                  | [demonic ancestry]
  3506 | D:5      | Reached XP level 7. HP: 47/54 MP: 7/7
  3514 | D:5      | Killed Menkaure
  3830 | D:5      | Found a blossoming altar of Fedhas.
  4126 | D:5      | Noticed Sigmund
  4132 | D:5      | Killed Sigmund
  4133 | D:5      | Gained mutation: You are mostly covered in icy blue scales.
                  | (AC +3) [demonic ancestry]
  4133 | D:5      | Reached XP level 8. HP: 61/61 MP: 8/8
  4301 | D:5      | Gained mutation: Your flesh is heat resistant. (rF+)
                  | [potion of mutation]
  4301 | D:5      | Gained mutation: Your muscles are strong. (Str +4, Int/Dex
                  | -1) [potion of mutation]
  4301 | D:5      | Gained mutation: You occasionally shout uncontrollably at
                  | your foes. [potion of mutation]
  4445 | D:6      | Reached skill level 5 in Fighting
  4515 | D:6      | Noticed Pikel
  4529 | D:6      | Killed Pikel
  4530 | D:6      | Reached XP level 9. HP: 38/68 MP: 9/9
  4784 | D:6      | Reached skill level 5 in Armour
  4990 | D:6      | Found a basalt altar of Yredelemnul.
  5343 | D:6      | Reached skill level 5 in Shields
  5491 | D:6      | Noticed a troll
  5498 | D:6      | Killed a troll
  5510 | D:6      | Reached skill level 5 in Axes
  6358 | D:7      | Noticed a troll
  6359 | D:7      | Found a staircase to the Ecumenical Temple.
  6359 | D:7      | Found a runed translucent gate.
  6359 | D:7      | Found a runed translucent gate.
  6359 | D:7      | Noticed GorkyZ's ghost (novice DsFi)
  6360 | D:7      | Found a runed translucent gate.
  6386 | Temple   | Entered the Ecumenical Temple
  6449 | Temple   | Became a worshipper of Gozag Ym Sagoz the Greedy
  6466 | D:7      | Reached skill level 5 in Evocations
  6749 | D:7      | Gained mutation: Your demonic aura often causes spilled
                  | blood to erupt in flames. [demonic ancestry]
  6749 | D:7      | Reached XP level 10. HP: 76/76 MP: 10/10
  6764 | D:7      | Found an ancient bone altar of Kikubaaqudgha.
  6890 | D:7      | Found a stormy altar of Qazlal.
  6947 | D:7      | Found a shimmering blue altar of Sif Muna.
  6977 | D:7      | Got Sif Muna's Grimoire of Pyromania
  6982 | D:7      | Found a bloodstained altar of Trog.
  7230 | D:8      | Identified the +7 quarterstaff of Tenacity {spect, Drain
                  | rN++ Str+6}
  7487 | D:8      | Reached skill level 5 in Dodging
  7489 | D:8      | Reached skill level 5 in Throwing
  7768 | D:8      | Found a burning altar of Makhleb.
  8145 | D:9      | Found a staircase to the Orcish Mines.
  8845 | D:9      | Noticed Gastronok
  8860 | D:9      | Killed Gastronok
  8861 | D:9      | Gained mutation: You have a pair of large horns on your
                  | head. [demonic ancestry]
  8861 | D:9      | Reached XP level 11. HP: 33/84 MP: 11/11
  9387 | D:9      | Noticed a two-headed ogre
  9390 | D:9      | Killed a two-headed ogre
 10045 | D:10     | Entered Level 10 of the Dungeon
 10065 | D:10     | Found a staircase to the Lair.
 10447 | D:10     | Identified the +3 mace of Anguish {vorpal, rF+ Dex+4}
 10714 | D:10     | Noticed Maurice
 10720 | D:10     | Killed Maurice
 10721 | D:10     | Noticed a red ugly thing
 10733 | D:10     | Killed a red ugly thing
 10813 | D:10     | Noticed a skeletal warrior
 10821 | D:10     | Noticed a fire dragon
 10832 | D:10     | Slain by a skeletal warrior

Illustrated notes

Levels and vault maps discovered:
D:1:      dpeg_arrival_erosion, layout_rooms
D:2:      layout_basic, uniq_terence
D:3:      layout_basic, mainiacjoe_overflow_cross_hatched,
          mainiacjoe_overflow_alcove_1, grunt_dithmenos_smoke_and_mirrors,
          nicolae_wormholes, uniq_ijyb
D:4:      layout_cave_pools, grunt_decor_resistance, minmay_fire_ice_demons
D:5:      layout_cave_pools, fedhas_ov_isle_minmay, supply_closet_lemuel,
          uniq_sigmund, uniq_menkaure
D:6:      minmay_polygon_palace, layout_cave_pods,
          nicolae_overflow_hidden_temple, minmay_mini_ossuary, uniq_pikel
D:7:      layout_cave_pools, nzn_overflow_gifts_of_might_and_magic,
          mainiacjoe_overflow_tiny_flanked,
          lemuel_mausoleum_altar_kikubaaqudgha, temple_statues, enter_ossuary_2,
          gammafunk_ghost_split
D:8:      layout_loops_ring, makhleb_blood_cavern_becter
D:9:      layout_roguey, zombieorc2_lemuel, uniq_gastronok
D:10:     layout_layer_cave, lair_entry_dummy, small_statue_intersection,
          minmay_the_grid_2x2 [minmay_the_grid_slots, minmay_the_grid_expand,
          minmay_the_grid_dragon_b, minmay_the_grid_prize_big_room],
          uniq_maurice, uniq_sonja
Temple:   hellmonk_temple_forest_ring

Skill      XL: |  1  2  3  4  5  6  7  8  9 10 11 |
---------------+----------------------------------+-----
Axes           | 2 3 4 5 6 7 |  7.7
Evocations     | 1 2 3 4 5 6 |  6.7
Armour         | 3 4 5 6 |  6.9
Shields        | 3 4 5 6 |  6.8
Throwing       | 1 2 3 4 5 6 |  6.1
Dodging        | 1 2 3 4 5 6 |  6.1
Fighting       | 4 5 6 7 |  7.6

Action                   |  1- 3 |  4- 6 |  7- 9 | 10-12 || total
-------------------------+-------+-------+-------+-------++-------
Melee: War axe           |    87 |    28 |       |       ||   115
       Headbutt          |    10 |    21 |    49 |    83 ||   163
       Hand axe          |       |   129 |   232 |   167 ||   528
       Broad axe         |       |       |       |   124 ||   124
Throw: Dart              |       |     2 |     4 |    12 ||    18
  Use: Scroll            |       |    17 |     1 |     4 ||    22
       Potion            |       |       |     1 |     9 ||    10
 Stab: Sleeping          |       |     1 |     1 |       ||     2
       Distracted        |       |       |     1 |     1 ||     2
Armor: Scale mail        |    50 |    21 |    31 |   106 ||   208
       Leather armour    |       |    30 |    37 |       ||    67
Dodge: Dodged            |    56 |   102 |   191 |   215 ||   564
Block: Buckler           |    35 |    23 |    71 |    88 ||   217
